RedWings vs Devils

Created - 10 janvier 2019 at 17:45

Goals
1 2 3 OT1 T
RedWings 3 0 1 1 5
Devils 2 0 2 0 4
Shots
1 2 3 OT1 T
RedWings 9 12 13 2 36
Devils 17 14 13 0 44

1st period

1. RedWings , Jonathan Drouin 9 (Erik Haula 16) at 0:23
2. Devils , Dustin Brown 16 (Eric Fehr 7) at 1:20 (SH)
3. Devils , Nicklas Backstrom 11 (Dustin Brown 16) at 3:44
4. RedWings , Kris Russell 4 (Sean Monahan 24, Jake Gardiner 22) at 12:07 (PP)
5. RedWings , Filip Forsberg 8 (Sean Monahan 25) at 12:19

Penalties :
Jordan Staal (NJD) for Slashing (Minor) at 0:57, Kevin Hayes (NJD) for Holding Stick (Minor) at 11:10, Thomas Hickey (DET) for Boarding (Minor) at 13:37

2nd period

No Goal

Penalties :
Jake Gardiner (DET) for Hooking (Minor) at 11:16

3rd period

6. Devils , Nicklas Backstrom 12 (Shayne Gostisbehere 27) at 2:06
7. Devils , Jordan Staal 12 (Pavel Zacha 10, Justin Schultz 18) at 10:07
8. RedWings , Sean Monahan 4 (Filip Forsberg 12, Jake Gardiner 23) at 11:41

Penalties :
Ryan Pulock (NJD) for Delaying the game (Minor) at 4:53, Darren Helm (NJD) for High sticking (Minor) at 13:38, Ryan Pulock (NJD) for Hooking (Minor) at 18:12

Overtime #1

9. RedWings , Filip Forsberg 9 (Sean Monahan 26, Jake Gardiner 24) at 0:42

Penalties :
No Penalty

Goalie Stats

John Gibson (DET), 40 saves from 44 shots - (0.909), W, 15-9-2, 60:43 minutes
Marc-Andre Fleury (NJD), 31 saves from 36 shots - (0.861), OTL, 15-18-1, 60:43 minutes

Players Stats for RedWings

Player Name              G  A  P  +/- PIM S  H  SB GA TA FO     MP     PP MP  PK MP  
------------------------------------------------------------------------------------
Andrew Cogliano          0  0  0   0  0   3  1  0  0  0  0/0    10:59   4:35   2:50 
Ben Lovejoy              0  0  0   1  0   0  2  2  0  0  0/0    20:55   4:35   1:37 
David Pastrnak           0  0  0  -2  0   5  0  0  0  0  3/4    18:12   4:06   0:00 
Erik Haula               0  1  1  -1  0   2  1  0  0  0  15/27  18:41   4:35   0:00 
Filip Forsberg           2  1  3   2  0   5  0  0  0  0  2/2    19:09   0:00   0:00 
Frans Nielsen            0  0  0   0  0   4  1  3  0  0  4/12   12:11   0:00   1:08 
Jake Gardiner            0  3  3  -2  2   1  1  2  0  0  0/0    25:36   4:06   1:06 
Jonathan Drouin          1  0  1  -1  0   2  0  0  0  0  0/0    14:06   0:00   0:00 
Kris Russell             1  0  1  -3  0   2  5  1  0  0  0/0    26:21   4:06   2:21 
Kyle Brodziak            0  0  0   0  0   3  1  0  0  0  7/12    8:08   0:00   2:50 
Loui Eriksson            0  0  0   0  0   1  0  0  0  0  0/1     4:42   0:00   1:08 
Micheal Ferland          0  0  0   0  0   1  2  0  0  0  1/3    22:56   4:06   0:00 
Nick Jensen              0  0  0   1  0   2  0  0  0  0  0/0    13:11   0:00   0:15 
Paul Martin              0  0  0   1  0   0  1  2  0  0  0/0    21:03   4:35   1:45 
Ryan Hartman             0  0  0   0  0   0  0  0  0  0  0/3    11:03   0:00   0:00 
Sean Monahan             1  3  4   1  0   5  0  0  0  0  18/41  23:27   4:06   0:00 
Thomas Hickey            0  0  0   1  2   0  0  2  0  0  0/0    13:47   0:00   0:52 
Tyler Toffoli            0  0  0   0  0   0  0  0  0  0  1/4    13:54   4:35   0:00 

Players Stats for Devils

Player Name              G  A  P  +/- PIM S  H  SB GA TA FO     MP     PP MP  PK MP  
------------------------------------------------------------------------------------
Antoine Vermette         0  0  0  -1  0   2  0  0  0  0  2/6     6:11   0:00   0:00 
Anton Stralman           0  0  0   0  0   2  3  4  0  0  0/0    20:26   1:32   1:18 
Bo Horvat                0  0  0  -2  0   2  0  0  0  0  16/25  20:46   1:32   5:25 
Brooks Orpik             0  0  0  -1  0   0  1  0  0  0  0/0    12:23   0:00   0:00 
Darren Helm              0  0  0  -1  2   4  3  0  0  0  0/2    14:49   1:32   0:00 
Dustin Brown             1  1  2   2  0   6  4  1  0  0  0/1    21:46   2:26   2:49 
Eric Fehr                0  1  1   2  0   0  1  0  0  0  1/1    12:50   0:00   1:29 
Jordan Staal             1  0  1   1  2   8  3  0  0  0  10/17  13:41   0:00   2:21 
Justin Schultz           0  1  1   1  0   2  0  0  0  0  0/0    23:57   2:26   4:09 
Kevin Hayes              0  0  0   1  2   8  1  0  0  0  2/2    19:04   2:26   0:08 
Mike Cammalleri          0  0  0  -1  0   1  1  0  0  0  0/1     6:11   0:00   0:00 
Nicklas Backstrom        2  0  2   0  0   5  0  0  0  0  27/53  24:50   2:26   5:22 
Pavel Zacha              0  1  1   1  0   1  1  0  0  0  0/0    11:21   0:00   0:00 
Ryan Pulock              0  0  0   1  4   0  4  0  0  0  0/0    20:31   2:26   2:10 
Sam Reinhart             0  0  0  -1  0   2  0  0  0  0  0/1    14:50   1:32   0:00 
Shayne Gostisbehere      0  1  1   0  0   0  2  3  0  0  0/0    26:29   1:32   5:25 
Steven Santini           0  0  0   0  0   0  1  0  0  0  0/0    17:07   0:00   4:44 
Vinnie Hinostroza        0  0  0  -1  0   1  0  0  0  0  0/0     6:11   0:00   0:00 

3 Stars

1 - Filip Forsberg (DET)
2 - Sean Monahan (DET)
3 - Dustin Brown (NJD)

Power Play

RedWings - 1 on 5 Attempt(s) - 20.00%
Devils - 0 on 2 Attempt(s) - 0.00%

Penalty Kill

RedWings - 2 on 2 Attempt(s) - 100.00% - Score 0 goal in Penalty Kill
Devils - 4 on 5 Attempt(s) - 80.00% - Score 1 goal in Penalty Kill

Team Stat

RedWings - Hits : 15 - Faceoff Wins : 51 - Blocked Shots : 12 - Penalty Minutes : 4
Devils - Hits : 25 - Faceoff Wins : 58 - Blocked Shots : 8 - Penalty Minutes : 10

Official

Referees : Francois StLaurent and Marc Joannette
Linesman : Mike Cvik and Steve Miller

Game Notes

No Game Note

Finance

Level 1 -- Attendance: 6000 (100.00%) -- Ticket Income 672 000 $
Level 2 -- Attendance: 4308 (86.16%) -- Ticket Income 348 948 $
Level 3 -- Attendance: 2000 (100.00%) -- Ticket Income 160 000 $
Level 4 -- Attendance: 2970 (81.93%) -- Ticket Income 44 550 $
Luxury Box -- Attendance: 932 (93.20%) -- Ticket Income 181 740 $
Game was played at the Prudential Center.
Total Attendance: 16210 (91.97%)
Total Ticket Income: 1 407 238 $
Other Income: 689 547 $
Total Income: 2 096 785 $

% Time on Ice - RedWings

Lines # - Real PCT - Wanted PCT - Time Play
Normal Forward
1 - 39% - 40% - 18:38
2 - 30% - 30% - 14:06
3 - 23% - 20% - 11:03
4 - 8% - 10% - 3:34
Normal Defense
1 - 38% - 40% - 18:09
2 - 31% - 30% - 14:43
3 - 27% - 20% - 12:56
4 - 3% - 10% - 1:33
PP Forward
1 - 47% - 60% - 4:06
2 - 53% - 40% - 4:35
PP Defense
1 - 47% - 60% - 4:06
2 - 53% - 40% - 4:35
PK Forward
1 - 71% - 60% - 2:50
2 - 29% - 40% - 1:08
PK Defense
1 - 59% - 60% - 2:21
2 - 41% - 40% - 1:37
PK3 Forward
1 - 0% - 60%
2 - 0% - 40%
PK3 Defense
1 - 0% - 60%
2 - 0% - 40%
44 Forward
1 - 100% - 60% - 0:12
2 - 0% - 40% - 0:00
44 Defense
1 - 100% - 60% - 0:12
2 - 0% - 40% - 0:00
Last Minute Offensive  - 0:00
Last Minute Defensive  - 0:00
Total
Forward - 60:12
Defense - 60:12

% Time on Ice - Devils

Lines # - Real PCT - Wanted PCT - Time Play
Normal Forward
1 - 35% - 40% - 16:31
2 - 28% - 30% - 13:18
3 - 24% - 20% - 11:21
4 - 13% - 10% - 6:11
Normal Defense
1 - 37% - 40% - 17:36
2 - 34% - 30% - 15:57
3 - 26% - 20% - 12:23
4 - 3% - 10% - 1:25
PP Forward
1 - 61% - 60% - 2:26
2 - 39% - 40% - 1:32
PP Defense
1 - 39% - 60% - 1:32
2 - 61% - 40% - 2:26
PK Forward
1 - 68% - 60% - 5:52
2 - 32% - 40% - 2:49
PK Defense
1 - 53% - 60% - 4:38
2 - 47% - 40% - 4:03
PK3 Forward
1 - 100% - 60% - 0:12
2 - 0% - 40% - 0:00
PK3 Defense
1 - 50% - 60% - 0:06
2 - 50% - 40% - 0:06
44 Forward
1 - 0% - 60%
2 - 0% - 40%
44 Defense
1 - 0% - 60%
2 - 0% - 40%
Last Minute Offensive  - 0:00
Last Minute Defensive  - 0:00
Total
Forward - 60:12
Defense - 60:12

Play-by-Play

1st period


0:01 of 1st period - Sean Monahan wins face-off versus Nicklas Backstrom in neutral zone.
0:03 of 1st period - Filip Forsberg is hit by Shayne Gostisbehere and loses puck.
0:19 of 1st period - Off-side.
0:20 of 1st period - Erik Haula wins face-off versus Darren Helm in neutral zone.
0:23 of 1st period - Shot by Jonathan Drouin.
0:23 of 1st period - Goal by Jonathan Drouin - RedWings : 1 - Devils : 0.
0:24 of 1st period - Jordan Staal wins face-off versus Frans Nielsen in neutral zone.
0:57 of 1st period - Minor Penalty to Jordan Staal for Slashing.
0:58 of 1st period - Sean Monahan wins face-off versus Nicklas Backstrom in Devils zone.
0:58 of 1st period - David Pastrnak is hit by Ryan Pulock and loses puck.
1:03 of 1st period - Shot by Jake Gardiner.
1:03 of 1st period - Shot Misses the Net.
1:05 of 1st period - Shot by Kris Russell.
1:05 of 1st period - Stopped by Marc-Andre Fleury without a rebound.
1:06 of 1st period - Nicklas Backstrom wins face-off versus Sean Monahan in Devils zone.
1:12 of 1st period - Icing by Jake Gardiner.
1:13 of 1st period - Eric Fehr wins face-off versus Sean Monahan in RedWings zone.
1:20 of 1st period - Shot by Dustin Brown.
1:20 of 1st period - Goal by Dustin Brown - RedWings : 1 - Devils : 1.
1:21 of 1st period - Erik Haula wins face-off versus Nicklas Backstrom in neutral zone.
2:54 of 1st period - Shot by David Pastrnak.
2:54 of 1st period - Shot Misses the Net.
3:21 of 1st period - Shot by Antoine Vermette.
3:21 of 1st period - Deflect By Vinnie Hinostroza.
3:21 of 1st period - Shot Misses the Net.
3:23 of 1st period - Shot by Antoine Vermette.
3:23 of 1st period - Deflect By Mike Cammalleri.
3:23 of 1st period - Stopped by John Gibson without a rebound.
3:24 of 1st period - Frans Nielsen wins face-off versus Bo Horvat in RedWings zone.
3:29 of 1st period - Shot by Frans Nielsen.
3:29 of 1st period - Stopped by Marc-Andre Fleury without a rebound.
3:30 of 1st period - Nicklas Backstrom wins face-off versus Erik Haula in Devils zone.
3:44 of 1st period - Shot by Nicklas Backstrom.
3:44 of 1st period - Goal by Nicklas Backstrom - RedWings : 1 - Devils : 2.
3:45 of 1st period - Sean Monahan wins face-off versus Bo Horvat in neutral zone.
4:14 of 1st period - Shot by Filip Forsberg.
4:14 of 1st period - Shot Misses the Net.
4:42 of 1st period - Shot by Erik Haula.
4:42 of 1st period - Stopped by Marc-Andre Fleury without a rebound.
4:43 of 1st period - Nicklas Backstrom wins face-off versus Frans Nielsen in Devils zone.
5:00 of 1st period - Shot by Nicklas Backstrom.
5:00 of 1st period - Stopped by John Gibson without a rebound.
5:01 of 1st period - David Pastrnak wins face-off versus Jordan Staal in RedWings zone.
5:08 of 1st period - Icing by Eric Fehr.
5:09 of 1st period - Jordan Staal wins face-off versus Sean Monahan in Devils zone.
5:23 of 1st period - Eric Fehr is hit by Jake Gardiner and loses puck.
5:42 of 1st period - Shot by Pavel Zacha.
5:42 of 1st period - Shot Blocked by Kris Russell.
5:44 of 1st period - Shot by Jordan Staal.
5:44 of 1st period - Stopped by John Gibson without a rebound.
5:45 of 1st period - Erik Haula wins face-off versus Nicklas Backstrom in RedWings zone.
5:45 of 1st period - Erik Haula is hit by Dustin Brown.
5:50 of 1st period - Off-side.
5:51 of 1st period - Erik Haula wins face-off versus Nicklas Backstrom in neutral zone.
5:56 of 1st period - Shot by David Pastrnak.
5:56 of 1st period - Shot Misses the Net.
5:58 of 1st period - Shot by Paul Martin.
5:58 of 1st period - Shot Misses the Net.
6:06 of 1st period - Shot by David Pastrnak.
6:06 of 1st period - Shot Misses the Net.
6:08 of 1st period - Shot by Erik Haula.
6:08 of 1st period - Shot Blocked by Shayne Gostisbehere.
6:10 of 1st period - Shot by Erik Haula.
6:10 of 1st period - Shot Blocked by Anton Stralman.
6:12 of 1st period - Shot by Jonathan Drouin.
6:12 of 1st period - Shot Hit the Post.
7:09 of 1st period - Darren Helm is hit by Kris Russell and loses puck.
7:15 of 1st period - Darren Helm is hit by Kris Russell and loses puck.
7:54 of 1st period - Shot by Antoine Vermette.
7:54 of 1st period - Stopped by John Gibson without a rebound.
7:55 of 1st period - Jordan Staal wins face-off versus Loui Eriksson in RedWings zone.
8:06 of 1st period - Shot by Jordan Staal.
8:06 of 1st period - Deflect By Pavel Zacha.
8:06 of 1st period - Shot Blocked by Thomas Hickey.
8:13 of 1st period - Shayne Gostisbehere is hit by Kyle Brodziak and loses puck.
8:23 of 1st period - Andrew Cogliano is hit by Anton Stralman and loses puck.
8:31 of 1st period - Off-side.
8:32 of 1st period - Nicklas Backstrom wins face-off versus Frans Nielsen in neutral zone.
8:39 of 1st period - Shot by Dustin Brown.
8:39 of 1st period - Shot Misses the Net.
9:08 of 1st period - Icing by Ryan Pulock.
9:09 of 1st period - Sean Monahan wins face-off versus Nicklas Backstrom in Devils zone.
9:24 of 1st period - Shot by Sean Monahan.
9:24 of 1st period - Shot Hit the Post.
9:50 of 1st period - Shot by Bo Horvat.
9:50 of 1st period - Stopped by John Gibson without a rebound.
9:51 of 1st period - David Pastrnak wins face-off versus Jordan Staal in RedWings zone.
10:05 of 1st period - Icing by Jordan Staal.
10:06 of 1st period - Jordan Staal wins face-off versus Ryan Hartman in Devils zone.
10:17 of 1st period - Shot by Jordan Staal.
10:17 of 1st period - Stopped by John Gibson with a rebound.
10:19 of 1st period - Shot by Jordan Staal.
10:19 of 1st period - Stopped by John Gibson without a rebound.
10:20 of 1st period - Bo Horvat wins face-off versus Erik Haula in RedWings zone.
10:21 of 1st period - Shot by Sam Reinhart.
10:21 of 1st period - Shot Misses the Net.
10:23 of 1st period - Shot by Darren Helm.
10:23 of 1st period - Shot Misses the Net.
10:25 of 1st period - Shot by Darren Helm.
10:25 of 1st period - Stopped by John Gibson without a rebound.
10:26 of 1st period - Nicklas Backstrom wins face-off versus Sean Monahan in RedWings zone.
10:33 of 1st period - Shot by Kevin Hayes.
10:33 of 1st period - Stopped by John Gibson without a rebound.
10:34 of 1st period - Sean Monahan wins face-off versus Nicklas Backstrom in RedWings zone.
10:34 of 1st period - Sean Monahan is hit by Dustin Brown.
10:37 of 1st period - Icing by Jake Gardiner.
10:38 of 1st period - Sean Monahan wins face-off versus Nicklas Backstrom in RedWings zone.
11:10 of 1st period - Minor Penalty to Kevin Hayes for Holding Stick.
11:11 of 1st period - Erik Haula wins face-off versus Nicklas Backstrom in Devils zone.
11:11 of 1st period - Erik Haula is hit by Steven Santini.
12:03 of 1st period - Shot by Sean Monahan.
12:03 of 1st period - Shot Misses the Net.
12:05 of 1st period - Shot by Kris Russell.
12:05 of 1st period - Shot Blocked by Shayne Gostisbehere.
12:07 of 1st period - Shot by Kris Russell.
12:07 of 1st period - Goal by Kris Russell - RedWings : 2 - Devils : 2.
12:08 of 1st period - Sean Monahan wins face-off versus Mike Cammalleri in neutral zone.
12:17 of 1st period - Shot by Sean Monahan.
12:17 of 1st period - Shot Misses the Net.
12:19 of 1st period - Shot by Filip Forsberg.
12:19 of 1st period - Goal by Filip Forsberg - RedWings : 3 - Devils : 2.
12:20 of 1st period - Erik Haula wins face-off versus Jordan Staal in neutral zone.
13:28 of 1st period - Shot by Filip Forsberg.
13:28 of 1st period - Shot Misses the Net.
13:32 of 1st period - Shot by Sean Monahan.
13:32 of 1st period - Stopped by Marc-Andre Fleury without a rebound.
13:33 of 1st period - Bo Horvat wins face-off versus Frans Nielsen in Devils zone.
13:37 of 1st period - Minor Penalty to Thomas Hickey for Boarding.
13:38 of 1st period - Nicklas Backstrom wins face-off versus Kyle Brodziak in RedWings zone.
13:45 of 1st period - Shot by Kevin Hayes.
13:45 of 1st period - Stopped by John Gibson without a rebound.
13:46 of 1st period - Kyle Brodziak wins face-off versus Nicklas Backstrom in RedWings zone.
14:06 of 1st period - Shot by Kevin Hayes.
14:06 of 1st period - Shot Misses the Net.
14:08 of 1st period - Shot by Kevin Hayes.
14:08 of 1st period - Stopped by John Gibson with a rebound.
14:10 of 1st period - Shot by Dustin Brown.
14:10 of 1st period - Deflect By Kevin Hayes.
14:10 of 1st period - Stopped by John Gibson with a rebound.
14:24 of 1st period - Shot by Nicklas Backstrom.
14:24 of 1st period - Shot Misses the Net.
14:26 of 1st period - Shot by Dustin Brown.
14:26 of 1st period - Shot Blocked by Frans Nielsen.
15:02 of 1st period - Shot by Anton Stralman.
15:02 of 1st period - Stopped by John Gibson with a rebound.
16:42 of 1st period - Erik Haula is hit by Anton Stralman and loses puck.
17:47 of 1st period - Icing by Ryan Pulock.
17:48 of 1st period - Kyle Brodziak wins face-off versus Bo Horvat in Devils zone.
18:13 of 1st period - Shot by Andrew Cogliano.
18:13 of 1st period - Shot Misses the Net.
18:15 of 1st period - Shot by Nick Jensen.
18:15 of 1st period - Stopped by Marc-Andre Fleury without a rebound.
18:16 of 1st period - Filip Forsberg wins face-off versus Nicklas Backstrom in Devils zone.
18:26 of 1st period - Ben Lovejoy is hit by Kevin Hayes and loses puck.
18:31 of 1st period - Shot by Kevin Hayes.
18:31 of 1st period - Deflect By Dustin Brown.
18:31 of 1st period - Stopped by John Gibson with a rebound.
18:33 of 1st period - Shot by Kevin Hayes.
18:33 of 1st period - Shot Misses the Net.
18:51 of 1st period - Shot by Kevin Hayes.
18:51 of 1st period - Stopped by John Gibson without a rebound.
18:52 of 1st period - Erik Haula wins face-off versus Jordan Staal in RedWings zone.
18:52 of 1st period - Erik Haula is hit by Pavel Zacha.
19:02 of 1st period - Shot by David Pastrnak.
19:02 of 1st period - Shot Blocked by Anton Stralman.
19:08 of 1st period - Shot by Eric Fehr.
19:08 of 1st period - Shot Misses the Net.
19:10 of 1st period - Shot by Jordan Staal.
19:10 of 1st period - Shot Blocked by Jake Gardiner.
19:12 of 1st period - Shot by Eric Fehr.
19:12 of 1st period - Shot Hit the Post.
19:14 of 1st period - Shot by Jordan Staal.
19:14 of 1st period - Shot Misses the Net.
19:16 of 1st period - Shot by Shayne Gostisbehere.
19:16 of 1st period - Shot Misses the Net.
19:18 of 1st period - Shot by Jordan Staal.
19:18 of 1st period - Shot Misses the Net.
19:20 of 1st period - Shot by Shayne Gostisbehere.
19:20 of 1st period - Shot Misses the Net.
19:41 of 1st period - Jake Gardiner is hit by Ryan Pulock and loses puck.
19:45 of 1st period - Icing by Sam Reinhart.
19:46 of 1st period - Bo Horvat wins face-off versus Micheal Ferland in Devils zone.
19:48 of 1st period - Icing by Sam Reinhart.
19:49 of 1st period - Sean Monahan wins face-off versus Bo Horvat in Devils zone.
19:54 of 1st period - Shot by Sean Monahan.
19:54 of 1st period - Stopped by Marc-Andre Fleury without a rebound.
19:55 of 1st period - Nicklas Backstrom wins face-off versus Micheal Ferland in Devils zone.
Goals for this period are 3 for RedWings vs 2 for Devils.
Shots for this period are 9 for RedWings vs 17 for Devils.

2nd period


0:01 of 2nd period - Nicklas Backstrom wins face-off versus Sean Monahan in neutral zone.
0:14 of 2nd period - Shot by Nicklas Backstrom.
0:14 of 2nd period - Shot Misses the Net.
0:40 of 2nd period - Shot by Nicklas Backstrom.
0:40 of 2nd period - Deflect By Dustin Brown.
0:40 of 2nd period - Stopped by John Gibson with a rebound.
0:42 of 2nd period - Shot by Nicklas Backstrom.
0:42 of 2nd period - Shot Misses the Net.
1:33 of 2nd period - Shot by David Pastrnak.
1:33 of 2nd period - Stopped by Marc-Andre Fleury without a rebound.
1:34 of 2nd period - Frans Nielsen wins face-off versus Antoine Vermette in Devils zone.
1:43 of 2nd period - Shot by Frans Nielsen.
1:43 of 2nd period - Stopped by Marc-Andre Fleury with a rebound.
2:23 of 2nd period - Frans Nielsen is hit by Dustin Brown and loses puck.
2:34 of 2nd period - Shot by Kevin Hayes.
2:34 of 2nd period - Stopped by John Gibson without a rebound.
2:35 of 2nd period - Jordan Staal wins face-off versus Erik Haula in RedWings zone.
2:41 of 2nd period - Pavel Zacha is hit by Kris Russell and loses puck.
3:10 of 2nd period - Shot by Eric Fehr.
3:10 of 2nd period - Shot Blocked by Jake Gardiner.
3:12 of 2nd period - Shot by Jordan Staal.
3:12 of 2nd period - Stopped by John Gibson without a rebound.
3:13 of 2nd period - Nicklas Backstrom wins face-off versus Sean Monahan in RedWings zone.
3:24 of 2nd period - Dustin Brown is hit by Micheal Ferland and loses puck.
4:24 of 2nd period - Shot by Kyle Brodziak.
4:24 of 2nd period - Stopped by Marc-Andre Fleury without a rebound.
4:25 of 2nd period - Erik Haula wins face-off versus Antoine Vermette in Devils zone.
4:26 of 2nd period - Shot by David Pastrnak.
4:26 of 2nd period - Stopped by Marc-Andre Fleury without a rebound.
4:27 of 2nd period - Erik Haula wins face-off versus Sam Reinhart in Devils zone.
4:30 of 2nd period - Shot by David Pastrnak.
4:30 of 2nd period - Deflect By Erik Haula.
4:30 of 2nd period - Stopped by Marc-Andre Fleury without a rebound.
4:31 of 2nd period - Bo Horvat wins face-off versus Erik Haula in Devils zone.
4:54 of 2nd period - Shot by David Pastrnak.
4:54 of 2nd period - Stopped by Marc-Andre Fleury without a rebound.
4:55 of 2nd period - Micheal Ferland wins face-off versus Nicklas Backstrom in Devils zone.
4:58 of 2nd period - Shot by Sean Monahan.
4:58 of 2nd period - Shot Misses the Net.
5:04 of 2nd period - Shot by Sean Monahan.
5:04 of 2nd period - Deflect By Filip Forsberg.
5:04 of 2nd period - Stopped by Marc-Andre Fleury without a rebound.
5:05 of 2nd period - Frans Nielsen wins face-off versus Nicklas Backstrom in Devils zone.
5:05 of 2nd period - Frans Nielsen is hit by Shayne Gostisbehere.
5:14 of 2nd period - Shot by Frans Nielsen.
5:14 of 2nd period - Stopped by Marc-Andre Fleury with a rebound.
5:20 of 2nd period - Shot by Frans Nielsen.
5:20 of 2nd period - Stopped by Marc-Andre Fleury without a rebound.
5:21 of 2nd period - Bo Horvat wins face-off versus Sean Monahan in Devils zone.
5:21 of 2nd period - Bo Horvat is hit by Micheal Ferland.
5:29 of 2nd period - Kris Russell is hit by Darren Helm and loses puck.
5:39 of 2nd period - Bo Horvat is hit by Kris Russell and loses puck.
5:47 of 2nd period - Bo Horvat is hit by Kris Russell and loses puck.
6:22 of 2nd period - Icing by David Pastrnak.
6:23 of 2nd period - Erik Haula wins face-off versus Nicklas Backstrom in RedWings zone.
7:17 of 2nd period - Icing by Ben Lovejoy.
7:18 of 2nd period - David Pastrnak wins face-off versus Jordan Staal in RedWings zone.
7:49 of 2nd period - Jake Gardiner is hit by Jordan Staal and loses puck.
9:02 of 2nd period - Shot by Kevin Hayes.
9:02 of 2nd period - Shot Misses the Net.
9:04 of 2nd period - Shot by Anton Stralman.
9:04 of 2nd period - Shot Misses the Net.
9:06 of 2nd period - Shot by Dustin Brown.
9:06 of 2nd period - Shot Misses the Net.
9:25 of 2nd period - Icing by Thomas Hickey.
9:26 of 2nd period - Antoine Vermette wins face-off versus Ryan Hartman in RedWings zone.
9:39 of 2nd period - Shot by Vinnie Hinostroza.
9:39 of 2nd period - Shot Blocked by Frans Nielsen.
9:59 of 2nd period - Thomas Hickey is hit by Mike Cammalleri and loses puck.
11:01 of 2nd period - Icing by Justin Schultz.
11:02 of 2nd period - Nicklas Backstrom wins face-off versus Sean Monahan in Devils zone.
11:16 of 2nd period - Minor Penalty to Jake Gardiner for Hooking.
11:17 of 2nd period - Kyle Brodziak wins face-off versus Bo Horvat in RedWings zone.
11:24 of 2nd period - Shot by Andrew Cogliano.
11:24 of 2nd period - Deflect By Kyle Brodziak.
11:24 of 2nd period - Stopped by Marc-Andre Fleury without a rebound.
11:25 of 2nd period - Kevin Hayes wins face-off versus Kyle Brodziak in Devils zone.
11:39 of 2nd period - Icing by Dustin Brown.
11:40 of 2nd period - Kyle Brodziak wins face-off versus Nicklas Backstrom in Devils zone.
12:15 of 2nd period - Shot by Kyle Brodziak.
12:15 of 2nd period - Stopped by Marc-Andre Fleury with a rebound.
12:17 of 2nd period - Shot by Nick Jensen.
12:17 of 2nd period - Stopped by Marc-Andre Fleury without a rebound.
12:18 of 2nd period - Bo Horvat wins face-off versus Frans Nielsen in Devils zone.
12:18 of 2nd period - Bo Horvat is hit by Frans Nielsen.
12:29 of 2nd period - Shot by Shayne Gostisbehere.
12:29 of 2nd period - Shot Misses the Net.
12:31 of 2nd period - Shot by Bo Horvat.
12:31 of 2nd period - Shot Blocked by Frans Nielsen.
12:33 of 2nd period - Shot by Bo Horvat.
12:33 of 2nd period - Shot Misses the Net.
12:35 of 2nd period - Shot by Bo Horvat.
12:35 of 2nd period - Shot Misses the Net.
12:37 of 2nd period - Shot by Darren Helm.
12:37 of 2nd period - Shot Blocked by Ben Lovejoy.
12:39 of 2nd period - Shot by Darren Helm.
12:39 of 2nd period - Shot Misses the Net.
12:57 of 2nd period - Shot by Sam Reinhart.
12:57 of 2nd period - Stopped by John Gibson without a rebound.
12:58 of 2nd period - Kyle Brodziak wins face-off versus Nicklas Backstrom in RedWings zone.
13:17 of 2nd period - Shot by Antoine Vermette.
13:17 of 2nd period - Shot Misses the Net.
13:19 of 2nd period - Shot by Antoine Vermette.
13:19 of 2nd period - Stopped by John Gibson without a rebound.
13:20 of 2nd period - Filip Forsberg wins face-off versus Antoine Vermette in RedWings zone.
13:59 of 2nd period - Icing by Ben Lovejoy.
14:00 of 2nd period - Kevin Hayes wins face-off versus Sean Monahan in RedWings zone.
14:02 of 2nd period - Dustin Brown is hit by Ben Lovejoy and loses puck.
14:21 of 2nd period - Shot by Dustin Brown.
14:21 of 2nd period - Shot Misses the Net.
14:25 of 2nd period - Shot by Kevin Hayes.
14:25 of 2nd period - Stopped by John Gibson without a rebound.
14:26 of 2nd period - Bo Horvat wins face-off versus Kyle Brodziak in RedWings zone.
14:31 of 2nd period - Shot by Bo Horvat.
14:31 of 2nd period - Shot Blocked by Thomas Hickey.
14:41 of 2nd period - Shot by Loui Eriksson.
14:41 of 2nd period - Shot Misses the Net.
14:55 of 2nd period - Icing by Darren Helm.
14:56 of 2nd period - Erik Haula wins face-off versus Bo Horvat in Devils zone.
15:48 of 2nd period - Icing by Kris Russell.
15:49 of 2nd period - Jordan Staal wins face-off versus Erik Haula in RedWings zone.
16:20 of 2nd period - Shot by Jordan Staal.
16:20 of 2nd period - Stopped by John Gibson without a rebound.
16:21 of 2nd period - Frans Nielsen wins face-off versus Nicklas Backstrom in RedWings zone.
16:32 of 2nd period - Icing by Nicklas Backstrom.
16:33 of 2nd period - Sean Monahan wins face-off versus Nicklas Backstrom in Devils zone.
16:52 of 2nd period - Shot by Dustin Brown.
16:52 of 2nd period - Shot Misses the Net.
16:54 of 2nd period - Shot by Dustin Brown.
16:54 of 2nd period - Shot Misses the Net.
16:59 of 2nd period - Icing by Paul Martin.
17:00 of 2nd period - Bo Horvat wins face-off versus Sean Monahan in RedWings zone.
17:03 of 2nd period - Shot by Sam Reinhart.
17:03 of 2nd period - Shot Blocked by Ben Lovejoy.
17:13 of 2nd period - Shot by Darren Helm.
17:13 of 2nd period - Stopped by John Gibson with a rebound.
17:19 of 2nd period - Shot by Bo Horvat.
17:19 of 2nd period - Stopped by John Gibson without a rebound.
17:20 of 2nd period - Jordan Staal wins face-off versus Frans Nielsen in RedWings zone.
17:57 of 2nd period - Shot by Jordan Staal.
17:57 of 2nd period - Stopped by John Gibson without a rebound.
17:58 of 2nd period - Erik Haula wins face-off versus Nicklas Backstrom in RedWings zone.
18:05 of 2nd period - Shot by Dustin Brown.
18:05 of 2nd period - Shot Misses the Net.
18:07 of 2nd period - Shot by Nicklas Backstrom.
18:07 of 2nd period - Stopped by John Gibson without a rebound.
18:08 of 2nd period - Bo Horvat wins face-off versus Sean Monahan in RedWings zone.
18:17 of 2nd period - Shot by Bo Horvat.
18:17 of 2nd period - Shot Misses the Net.
18:25 of 2nd period - Shot by Bo Horvat.
18:25 of 2nd period - Shot Misses the Net.
18:27 of 2nd period - Shot by Darren Helm.
18:27 of 2nd period - Stopped by John Gibson without a rebound.
18:28 of 2nd period - Nicklas Backstrom wins face-off versus Erik Haula in RedWings zone.
18:39 of 2nd period - Shot by Nicklas Backstrom.
18:39 of 2nd period - Stopped by John Gibson without a rebound.
18:40 of 2nd period - Sean Monahan wins face-off versus Bo Horvat in RedWings zone.
18:48 of 2nd period - Off-side.
18:49 of 2nd period - Nicklas Backstrom wins face-off versus Kyle Brodziak in neutral zone.
18:51 of 2nd period - Off-side.
18:52 of 2nd period - Nicklas Backstrom wins face-off versus Sean Monahan in neutral zone.
19:10 of 2nd period - Icing by Shayne Gostisbehere.
19:11 of 2nd period - Erik Haula wins face-off versus Nicklas Backstrom in Devils zone.
19:24 of 2nd period - Shot by Jonathan Drouin.
19:24 of 2nd period - Deflect By Erik Haula.
19:24 of 2nd period - Shot Hit the Post.
19:36 of 2nd period - Shot by Nicklas Backstrom.
19:36 of 2nd period - Shot Hit the Post.
19:40 of 2nd period - Shot by Nicklas Backstrom.
19:40 of 2nd period - Shot Misses the Net.
19:42 of 2nd period - Shot by Anton Stralman.
19:42 of 2nd period - Stopped by John Gibson without a rebound.
19:43 of 2nd period - Sean Monahan wins face-off versus Bo Horvat in RedWings zone.
Goals for this period are 0 for RedWings vs 0 for Devils.
Shots for this period are 12 for RedWings vs 14 for Devils.

3rd period


0:01 of 3rd period - Nicklas Backstrom wins face-off versus Sean Monahan in neutral zone.
0:20 of 3rd period - Shot by Jake Gardiner.
0:20 of 3rd period - Stopped by Marc-Andre Fleury without a rebound.
0:21 of 3rd period - Kyle Brodziak wins face-off versus Bo Horvat in Devils zone.
0:21 of 3rd period - Loui Eriksson is hit by Ryan Pulock and loses puck.
0:32 of 3rd period - Shot by Andrew Cogliano.
0:32 of 3rd period - Stopped by Marc-Andre Fleury with a rebound.
0:34 of 3rd period - Shot by Andrew Cogliano.
0:34 of 3rd period - Stopped by Marc-Andre Fleury without a rebound.
0:35 of 3rd period - Nicklas Backstrom wins face-off versus Sean Monahan in Devils zone.
0:44 of 3rd period - Shot by Kevin Hayes.
0:44 of 3rd period - Stopped by John Gibson without a rebound.
0:45 of 3rd period - Bo Horvat wins face-off versus Frans Nielsen in RedWings zone.
1:09 of 3rd period - Kris Russell is hit by Darren Helm and loses puck.
1:16 of 3rd period - Shot by Sam Reinhart.
1:16 of 3rd period - Stopped by John Gibson without a rebound.
1:17 of 3rd period - Sean Monahan wins face-off versus Nicklas Backstrom in RedWings zone.
1:17 of 3rd period - Sean Monahan is hit by Dustin Brown.
1:30 of 3rd period - Icing by Brooks Orpik.
1:31 of 3rd period - Nicklas Backstrom wins face-off versus Erik Haula in Devils zone.
1:39 of 3rd period - Icing by Thomas Hickey.
1:40 of 3rd period - Bo Horvat wins face-off versus Erik Haula in RedWings zone.
1:45 of 3rd period - Shot by Darren Helm.
1:45 of 3rd period - Stopped by John Gibson without a rebound.
1:46 of 3rd period - Sean Monahan wins face-off versus Nicklas Backstrom in RedWings zone.
2:00 of 3rd period - Shot by Nicklas Backstrom.
2:00 of 3rd period - Shot Misses the Net.
2:06 of 3rd period - Shot by Nicklas Backstrom.
2:06 of 3rd period - Goal by Nicklas Backstrom - RedWings : 3 - Devils : 3.
2:07 of 3rd period - Bo Horvat wins face-off versus David Pastrnak in neutral zone.
2:24 of 3rd period - Shot by Bo Horvat.
2:24 of 3rd period - Shot Blocked by Paul Martin.
2:26 of 3rd period - Shot by Justin Schultz.
2:26 of 3rd period - Stopped by John Gibson without a rebound.
2:27 of 3rd period - Sean Monahan wins face-off versus Nicklas Backstrom in RedWings zone.
2:46 of 3rd period - Shot by Dustin Brown.
2:46 of 3rd period - Stopped by John Gibson without a rebound.
2:47 of 3rd period - Bo Horvat wins face-off versus Kyle Brodziak in RedWings zone.
3:07 of 3rd period - Icing by Ryan Pulock.
3:08 of 3rd period - Bo Horvat wins face-off versus Sean Monahan in Devils zone.
3:35 of 3rd period - Shot by Bo Horvat.
3:35 of 3rd period - Shot Misses the Net.
3:52 of 3rd period - Off-side.
3:53 of 3rd period - Jordan Staal wins face-off versus Erik Haula in neutral zone.
3:56 of 3rd period - Ben Lovejoy is hit by Jordan Staal and loses puck.
4:13 of 3rd period - Shot by Steven Santini.
4:13 of 3rd period - Shot Blocked by Paul Martin.
4:17 of 3rd period - Shot by Pavel Zacha.
4:17 of 3rd period - Stopped by John Gibson without a rebound.
4:18 of 3rd period - Tyler Toffoli wins face-off versus Nicklas Backstrom in RedWings zone.
4:44 of 3rd period - Shot by Dustin Brown.
4:44 of 3rd period - Stopped by John Gibson without a rebound.
4:45 of 3rd period - Sean Monahan wins face-off versus Darren Helm in RedWings zone.
4:53 of 3rd period - Minor Penalty to Ryan Pulock for Delaying the game.
4:54 of 3rd period - Nicklas Backstrom wins face-off versus Sean Monahan in Devils zone.
5:23 of 3rd period - Shot by Micheal Ferland.
5:23 of 3rd period - Deflect By Sean Monahan.
5:23 of 3rd period - Stopped by Marc-Andre Fleury without a rebound.
5:24 of 3rd period - Nicklas Backstrom wins face-off versus Erik Haula in Devils zone.
5:35 of 3rd period - Shot by Tyler Toffoli.
5:35 of 3rd period - Shot Blocked by Anton Stralman.
7:24 of 3rd period - Shot by Nick Jensen.
7:24 of 3rd period - Shot Misses the Net.
7:51 of 3rd period - Shot by Andrew Cogliano.
7:51 of 3rd period - Stopped by Marc-Andre Fleury without a rebound.
7:52 of 3rd period - Erik Haula wins face-off versus Jordan Staal in Devils zone.
7:53 of 3rd period - Shot by Jonathan Drouin.
7:53 of 3rd period - Stopped by Marc-Andre Fleury without a rebound.
7:54 of 3rd period - Jordan Staal wins face-off versus Erik Haula in Devils zone.
7:56 of 3rd period - Shayne Gostisbehere is hit by Erik Haula and loses puck.
8:03 of 3rd period - Shot by David Pastrnak.
8:03 of 3rd period - Stopped by Marc-Andre Fleury with a rebound.
8:05 of 3rd period - Shot by Jake Gardiner.
8:05 of 3rd period - Shot Blocked by Anton Stralman.
8:14 of 3rd period - Shot by David Pastrnak.
8:14 of 3rd period - Stopped by Marc-Andre Fleury without a rebound.
8:15 of 3rd period - Nicklas Backstrom wins face-off versus Sean Monahan in Devils zone.
8:55 of 3rd period - Sean Monahan is hit by Brooks Orpik and loses puck.
10:07 of 3rd period - Shot by Jordan Staal.
10:07 of 3rd period - Goal by Jordan Staal - RedWings : 3 - Devils : 4.
10:08 of 3rd period - Antoine Vermette wins face-off versus Tyler Toffoli in neutral zone.
10:11 of 3rd period - Shot by Vinnie Hinostroza.
10:11 of 3rd period - Stopped by John Gibson without a rebound.
10:12 of 3rd period - Jordan Staal wins face-off versus Frans Nielsen in RedWings zone.
10:12 of 3rd period - Jordan Staal is hit by Paul Martin.
10:28 of 3rd period - Shot by Jordan Staal.
10:28 of 3rd period - Shot Misses the Net.
10:49 of 3rd period - Ryan Pulock is hit by Ben Lovejoy and loses puck.
11:01 of 3rd period - Ben Lovejoy is hit by Eric Fehr and loses puck.
11:15 of 3rd period - Off-side.
11:16 of 3rd period - Nicklas Backstrom wins face-off versus Sean Monahan in neutral zone.
11:27 of 3rd period - Shot by Filip Forsberg.
11:27 of 3rd period - Stopped by Marc-Andre Fleury with a rebound.
11:29 of 3rd period - Shot by Kris Russell.
11:29 of 3rd period - Shot Hit the Post.
11:31 of 3rd period - Shot by Micheal Ferland.
11:31 of 3rd period - Shot Misses the Net.
11:39 of 3rd period - Shot by Filip Forsberg.
11:39 of 3rd period - Shot Misses the Net.
11:41 of 3rd period - Shot by Sean Monahan.
11:41 of 3rd period - Goal by Sean Monahan - RedWings : 4 - Devils : 4.
11:42 of 3rd period - Bo Horvat wins face-off versus Erik Haula in neutral zone.
12:07 of 3rd period - Shot by Jonathan Drouin.
12:07 of 3rd period - Shot Misses the Net.
12:09 of 3rd period - Shot by David Pastrnak.
12:09 of 3rd period - Shot Misses the Net.
12:51 of 3rd period - Icing by Filip Forsberg.
12:52 of 3rd period - Sean Monahan wins face-off versus Antoine Vermette in RedWings zone.
13:05 of 3rd period - Shot by Filip Forsberg.
13:05 of 3rd period - Stopped by Marc-Andre Fleury without a rebound.
13:06 of 3rd period - Kyle Brodziak wins face-off versus Nicklas Backstrom in Devils zone.
13:09 of 3rd period - Shot by Loui Eriksson.
13:09 of 3rd period - Stopped by Marc-Andre Fleury without a rebound.
13:10 of 3rd period - Erik Haula wins face-off versus Dustin Brown in Devils zone.
13:10 of 3rd period - Erik Haula is hit by Anton Stralman.
13:24 of 3rd period - Shot by Nicklas Backstrom.
13:24 of 3rd period - Deflect By Dustin Brown.
13:24 of 3rd period - Stopped by John Gibson without a rebound.
13:25 of 3rd period - Bo Horvat wins face-off versus Sean Monahan in RedWings zone.
13:37 of 3rd period - Sean Monahan is hit by Darren Helm and loses puck.
13:38 of 3rd period - Minor Penalty to Darren Helm for High sticking.
13:39 of 3rd period - Nicklas Backstrom wins face-off versus Tyler Toffoli in Devils zone.
14:07 of 3rd period - Shot by Paul Martin.
14:07 of 3rd period - Shot Misses the Net.
14:42 of 3rd period - Jordan Staal is hit by Andrew Cogliano and loses puck.
14:57 of 3rd period - Shot by Dustin Brown.
14:57 of 3rd period - Deflect By Jordan Staal.
14:57 of 3rd period - Stopped by John Gibson without a rebound.
14:58 of 3rd period - Nicklas Backstrom wins face-off versus Sean Monahan in RedWings zone.
15:49 of 3rd period - Shot by Kyle Brodziak.
15:49 of 3rd period - Shot Blocked by Shayne Gostisbehere.
16:03 of 3rd period - Shot by Antoine Vermette.
16:03 of 3rd period - Shot Misses the Net.
16:26 of 3rd period - Icing by Frans Nielsen.
16:27 of 3rd period - Nicklas Backstrom wins face-off versus Ryan Hartman in RedWings zone.
17:17 of 3rd period - Shot by Darren Helm.
17:17 of 3rd period - Shot Misses the Net.
17:19 of 3rd period - Shot by Darren Helm.
17:19 of 3rd period - Shot Misses the Net.
17:21 of 3rd period - Shot by Justin Schultz.
17:21 of 3rd period - Stopped by John Gibson without a rebound.
17:22 of 3rd period - Sean Monahan wins face-off versus Jordan Staal in RedWings zone.
17:57 of 3rd period - Shot by Eric Fehr.
17:57 of 3rd period - Shot Misses the Net.
18:02 of 3rd period - Kris Russell is hit by Ryan Pulock and loses puck.
18:12 of 3rd period - Minor Penalty to Ryan Pulock for Hooking.
18:13 of 3rd period - Nicklas Backstrom wins face-off versus Tyler Toffoli in Devils zone.
19:11 of 3rd period - Kris Russell is hit by Jordan Staal and loses puck.
19:15 of 3rd period - Icing by Jake Gardiner.
19:16 of 3rd period - Sean Monahan wins face-off versus Nicklas Backstrom in RedWings zone.
19:28 of 3rd period - Shot by Sean Monahan.
19:28 of 3rd period - Stopped by Marc-Andre Fleury without a rebound.
19:29 of 3rd period - Nicklas Backstrom wins face-off versus Sean Monahan in Devils zone.
19:44 of 3rd period - Shot by Jake Gardiner.
19:44 of 3rd period - Shot Blocked by Dustin Brown.
19:46 of 3rd period - Shot by Jake Gardiner.
19:46 of 3rd period - Shot Misses the Net.
Goals for this period are 1 for RedWings vs 2 for Devils.
Shots for this period are 13 for RedWings vs 13 for Devils.

Overtime #1


0:01 of 1st overtime period - Nicklas Backstrom wins face-off versus Sean Monahan in neutral zone.
0:10 of 1st overtime period - Shot by Micheal Ferland.
0:10 of 1st overtime period - Stopped by Marc-Andre Fleury without a rebound.
0:11 of 1st overtime period - Nicklas Backstrom wins face-off versus Sean Monahan in Devils zone.
0:42 of 1st overtime period - Shot by Filip Forsberg.
0:42 of 1st overtime period - Goal by Filip Forsberg - RedWings : 5 - Devils : 4.
Goals for this period are 1 for RedWings vs 0 for Devils.
Shots for this period are 2 for RedWings vs 0 for Devils.